 Dungeon Crawl Stone Soup version 0.29.1-15-g9cfb28693d (webtiles) character file.

Game seed: 8778044224167507300

39 growler the Insei (level 3, -5/26 HPs)
             Began as a Merfolk Transmuter on Apr 6, 2023.
             Slain by a gnoll
             ... wielding a +0 flail
              (6 damage)
             ... on level 1 of the Dungeon.
             The game lasted 00:02:26 (1668 turns).

growler the Insei (Merfolk Transmuter)              Turns: 1668, Time: 00:02:26

Health: -5/26      AC:  2    Str: 10    XL:     3   Next: 45%
Magic:  1/6        EV: 12    Int: 14    God:
Gold:   88         SH:  0    Dex: 14    Spells: 0/6 levels left

rFire   . . .      SeeInvis .     - Unarmed
rCold   . . .      Faith    .   (no shield)
rNeg    . . .      Spirit   .   a - +0 robe
rPois   .          Reflect  .   (helmet currently unavailable)
rElec   .          Harm     .   (no cloak)
rCorr   .          Rampage  .   (no gloves)
Will    .....                   (boots currently unavailable)
Stlth   +.........              (no amulet)
HPRegen 0.08/turn               (no ring)
MPRegen 0.10/turn               (no ring)

@: appendages, wereblooded (expiring)
A: horns 2, (nimble swimmer 2), mertail
a: End Transformation


You were on level 1 of the Dungeon.
You had temporarily grown beastly horns.
You visited 1 branch of the dungeon, and saw 2 of its levels.

You collected 88 gold pieces.

Inventory:

Armour
 a - a +0 robe (worn)
Scrolls
 d - 4 scrolls of identify {unknown}
 e - a scroll of magic mapping {unknown}
 f - a scroll of enchant weapon {unknown}
Potions
 b - a potion of lignification
 c - a potion of brilliance {unknown}
 g - a potion of berserk rage {unknown}


   Skills:
 - Level 1.1 Fighting
 - Level 2.6 Dodging
 + Level 4.9 Unarmed Combat
 - Level 2.0 Spellcasting
 - Level 2.6 Transmutations


You couldn't memorise any spells.
You knew the following spells:

 Your Spells              Type           Power      Damage    Failure   Level
a - Beastly Appendage     Tmut           16%        N/A       8%          1
b - Wereblood             Tmut           8%         N/A       12%         2
c - Spider Form           Tmut/Pois      5%         N/A       38%         3

Your spell library contained the following spells:

 Spells                   Type           Power      Damage    Failure   Level
 Ice Form                 Ice/Tmut       5%         N/A       80%         4


Dungeon Overview and Level Annotations

Branches:
Dungeon (2/15)

Altars:


Innate Abilities, Weirdness & Mutations

You have temporarily grown beastly horns.
((You are very nimble when in or above water. (Stealth+, EV+, Speed+++)))
Your lower body shifts to a powerful aquatic tail in water.


Message History

The gnoll throws a throwing net.
The throwing net hits you.
You become entangled in the net!
Casting: Wereblood (safe; 12% risk of failure)
Confirm with . or Enter, or press ? or * to list all spells.
The spell is extremely dangerous to miscast (38% risk of failure)!
Continue anyway?
You miscast Spider Form.
You are very lightly contaminated with residual magic.
Nothing appears to happen.
The gnoll shouts!
You hear an angry hiss.
A gnoll comes into view. It is wielding a +0 spear.
A gnoll comes into view. It is wielding a +0 club.
You struggle against the net.
You struggle against the net.
You struggle against the net.
A bat comes into view.
You struggle against the net.
An adder comes into view.
You shred the net and break free! The gnoll misses you.
Your magical contamination has completely faded away.
You climb upwards.
There is a stone staircase leading down here.
You hit the gnoll but do no damage. You hit the gnoll but do no damage.
The gnoll barely misses you.
You barely miss the gnoll. The gnoll closely misses you.
You closely miss the gnoll. The gnoll misses you.
You hit the gnoll but do no damage. The gnoll hits you with a +0 flail!
You hit the gnoll.
The gnoll is lightly wounded.
The gnoll barely misses you.
You grow a pair of large bovine horns.
The gnoll hits you with a +0 flail.
You hit the gnoll.
The gnoll is heavily wounded.
The gnoll hits you with a +0 flail!
* * * LOW HITPOINT WARNING * * *
You hit the gnoll.
The gnoll is severely wounded.
Your primal bloodlust is almost over.
The gnoll hits you with a +0 flail.
You die...

#########.# ##)## #.##........
#<..≈~~~#.# #...###.##........
######.≈~P#.# #.....)...........
..#P.≈.~~~#.# #...###...........
#.#~~....P#.# ##########........
#.#~P..~~≈#.# #.................
..#~~.P.~≈#.# #.#########...)...
#.#~.~≈P.~### #.# ##.####.
#.#+#####'# #@# #.# ##. ###.#
#...# ##g## #.###.) #.#
#†.######...### #.....# #.#
#.#...........###########..
###.###.....###...#....†.........
............####.##..############
###.......>......##..#
#####.....####.##..# #.....#
#..##..#


You could see a gnoll.

Vanquished Creatures
  5 bats (D:1)
  An endoplasm (D:1)
  2 giant cockroaches (D:1)
  6 goblins (D:1)
  6 hobgoblins (D:1)
  3 jackals (D:1)
  A quokka (D:1)
  2 ball pythons (D:1)
  3 frilled lizards (D:1)
  3 kobolds (D:1)
  2 rats (D:1)
34 creatures vanquished.

Notes
Turn   | Place    | Note
-------+----------+-------------------------------------------
     0 | D:1      | growler the Merfolk Transmuter began the quest for the Orb.
     0 | D:1      | Reached XP level 1. HP: 15/15 MP: 3/3
   287 | D:1      | Reached XP level 2. HP: 4/21 MP: 5/5
   290 | D:1      | Learned a level 2 spell: Wereblood
   555 | D:1      | Reached skill level 4 in Unarmed Combat
   795 | D:1      | Reached XP level 3. HP: 20/26 MP: 4/6
   799 | D:1      | Learned a level 3 spell: Spider Form
  1102 | D:1      | Found a faded altar of an unknown god.
  1667 | D:1      | HP: 1/26 [gnoll/+0 flail (12)]
  1668 | D:1      | Slain by a gnoll

Illustrated notes

Levels and vault maps discovered:
D:1:      lightli_arrival_flooded_house, layout_loops_ring,
          hellmonk_ecumenical_altar_pennies_from_heaven
D:2:      layout_loops_ring, basic_altar, serial_shops, shop, uniq_natasha

Skill      XL: |  1  2 |
---------------+-------+-----
Unarmed Combat | 4 |  4.9
Fighting       | |  1.1
Dodging        | |  2.6
Spellcasting   | |  2.0
Transmutations | |  2.6

Action                   || total
-------------------------++-------
Melee: Unarmed           ||   117
       Headbutt          ||     5
       Punch             ||     2
 Cast: Beastly Appendage ||    21
       Wereblood         ||     2
Armor: Robe              ||    20
Dodge: Dodged            ||    78
